 Dungeon Crawl Stone Soup version 0.31.0-32-g396128a36d (webtiles) character file.

Game seed: 8406544358842427036

2802 hawla the Arsonist (level 9, -1/45 HPs)
             Began as a Deep Elf Fire Elementalist on Apr 18, 2024.
             Was a Follower of Vehumet.
             Slain by a gnoll sergeant
             ... wielding a +4 spear of venom
              (10 damage)
             ... on level 8 of the Dungeon.
             The game lasted 00:17:33 (8883 turns).

hawla the Arsonist (Deep Elf Fire Elementalist)     Turns: 8883, Time: 00:17:34

Health: -1/45      AC:  5    Str:  5    XL:     9   Next: 44%
Magic:  1/15       EV: 12    Int: 31    God:    Vehumet [*.....]
Gold:   418        SH:  5    Dex: 15    Spells: 7/14 levels left

rFire   + . .        q - +2 dagger (flame)
rCold   . . .        (no shield)
rNeg    + . .        a - +0 robe
rPois   .            (no helmet)
rElec   .            s - +0 cloak
rCorr   .            g - +0 pair of gloves
SInv    .            j - +0 pair of boots
Will    +....        t - amulet of reflection
Stlth   ++           u - +6 ring of intelligence
HPRegen 0.27/turn    p - ring of the Original Sin {rF+ rN+ Will+}
MPRegen 0.14/turn

%: reflection
@: no status effects
A: no striking features
a: Renounce Religion


You were on level 8 of the Dungeon.
You worshipped Vehumet.
Vehumet was aware of your devotion.
You visited 2 branches of the dungeon, and saw 9 of its levels.

You collected 1188 gold pieces.
You spent 770 gold pieces at shops.

Inventory:

Hand Weapons
 q - a +2 dagger of flaming (weapon)
Armour
 a - a +0 robe (worn)
 g - a +0 pair of gloves (worn)
 j - a +0 pair of boots (worn)
 s - a +0 cloak (worn)
Jewellery
 l - a +6 ring of strength
 p - the ring of the Original Sin (right hand) {rF+ rN+ Will+}
   (You acquired it on level 5 of the Dungeon)

   [ring of positive energy]

   rF+:       It protects you from fire.
   rN+:       It protects you from negative energy.
   Will+:     It increases your willpower.
 t - an amulet of reflection (around neck)
 u - a +6 ring of intelligence (left hand)
Wands
 m - a wand of roots (13)
 v - a wand of mindburst (12)
 y - a wand of paralysis (6)
Scrolls
 c - 6 scrolls of revelation
 f - a scroll of poison
 i - a scroll of enchant armour
 w - a scroll of teleportation
 z - 2 scrolls of torment
Potions
 b - a potion of haste {unknown}
 d - a potion of lignification {unknown}
 e - a potion of might
 h - a potion of brilliance
 k - 2 potions of heal wounds {unknown}
 n - a potion of degeneration {unknown}
 o - 2 potions of curing {unknown}
 r - 2 potions of mutation {unknown}


   Skills:
 - Level 2.4 Dodging
 - Level 2.4 Stealth
 - Level 3.0 Spellcasting
 - Level 1.1 Conjurations
 + Level 14.4 Fire Magic


You had 7 spell levels left.
You knew the following spells:

 Your Spells              Type           Power      Damage    Failure   Level
a - Foxfire               Conj/Fire      100%       2x1d9     1%          1
b - Scorch                Fire           100%       2d9       1%          2
c - Flame Wave            Conj/Fire      51%        2d13      2%          4

Your spell library contained the following spells:

 Spells                   Type           Power      Damage    Failure   Level
 Magic Dart               Conj           44%        1d5       4%          1
 Inner Flame              Hex/Fire       49%        N/A       1%          3
 Volatile Blastmotes      Fire/Tloc      98%        2d18      1%          3
 Hailstorm                Conj/Ice       8%         3d5       16%         3
 Ozocubu's Armour         Ice            4%         N/A       21%         3
 Summon Ice Beast         Ice/Summ       4%         N/A       21%         3
 Animate Armour           Summ/Erth      8%         N/A       54%         4
 Summon Lightning Spire   Summ/Air       4%         N/A       54%         4
 Lee's Rapid Deconstruct  Erth           2%         3d4*      88%         5
 Metabolic Englaciation   Hex/Ice        2%         N/A       88%         5
 Sculpt Simulacrum        Ice/Alch       2%         N/A       100%        6


Dungeon Overview and Level Annotations

Branches:
Dungeon (8/15)             Temple (1/1) D:6
   Lair: D:8-11

Altars:
Ashenzari
Cheibriados
Dithmenos
Elyvilon
Fedhas
Gozag
Hepliaklqana
Kikubaaqudgha
Nemelex Xobeh
Okawaru
Qazlal
Ru
Sif Muna
Trog
Uskayaw
Vehumet
Wu Jian
Xom
Yredelemnul
Zin
The Shining One

Shops:
D:1 ?   D:3 =   D:4 =   D:6 =   D:8 *


Message History

Vehumet accepts your kill.
You feel your power returning.
The foxfire hits the gnoll but does no damage.
Casting: Scorch (safe; 1% risk of failure)
Confirm with . or Enter, or press ? or * to list all spells.
You conjure some foxfire!
Casting: Foxfire (safe; 1% risk of failure)
Confirm with . or Enter, or press ? or * to list all spells.
You conjure some foxfire!
The foxfire hits the gnoll.
The gnoll is lightly wounded.
The foxfire hits the gnoll!
The gnoll is severely wounded.
Casting: Foxfire (safe; 1% risk of failure)
Confirm with . or Enter, or press ? or * to list all spells.
You conjure some foxfire!
The foxfire hits the gnoll but does no damage.
The gnoll is severely wounded.
The foxfire hits the gnoll.
The gnoll is severely wounded.
The gnoll closely misses you.
Casting: Foxfire (safe; 1% risk of failure)
Confirm with . or Enter, or press ? or * to list all spells.
You conjure some foxfire!
The foxfire hits the gnoll.
You kill the gnoll!
Vehumet accepts your kill.
You feel your power returning.
The foxfire hits the gnoll sergeant but does no damage.
The gnoll sergeant hits you from afar with a +4 spear of venom!
* * * LOW HITPOINT WARNING * * *
Casting: Foxfire (safe; 1% risk of failure)
Confirm with . or Enter, or press ? or * to list all spells.
Flames lash the gnoll sergeant.
The gnoll sergeant is lightly wounded.
The gnoll sergeant's fire resistance burns away.
The foxfire hits the gnoll sergeant but does no damage.
The gnoll sergeant is lightly wounded.
The foxfire hits the gnoll sergeant but does no damage.
The gnoll sergeant is lightly wounded.
The gnoll sergeant hits you from afar with a +4 spear of venom!
You die...

.#... .#.#. #.#
<#.###.#.#.#####.#
..>....#.#.......######
.#.#.###.##...#.......#
.....###.#....#.......#
.##......#+#..........#
###§§)###.............#
...............§§§....#
######........§§@§....#
###....<...§$....+
###...#g)......#
###...##+##### #.∩=.
##.).. #.. #.


You could see a gnoll sergeant (combustible).

Vanquished Creatures
  A shadow (D:6)
  3 steam dragons (D:7)
  An orc warrior (D:7)
  3 ice beasts
  3 black bears
  An ogre (D:6)
  2 centaurs
  2 phantoms (D:6)
  2 bullfrogs
  2 scorpions
  A howler monkey (D:3)
  3 bombardier beetles
  2 jellies
  4 hounds
  5 orc priests
  2 sleepcaps
  2 iguanas (D:6)
  4 orc wizards
  13 gnolls
  2 adders
  A shadow imp (D:7)
  2 white imps
  7 dart slugs
  29 orcs
  4 ball pythons
  11 endoplasms
  5 giant cockroaches
  8 goblins
  6 hobgoblins
  8 quokkas
  11 bats
  6 frilled lizards
  12 kobolds
  8 rats
  A butterfly (D:6)
177 creatures vanquished.

Vanquished Creatures (collateral kills)
  2 foxfires (D:2)
2 creatures vanquished.

Vanquished Creatures (others)
  491 foxfires
491 creatures vanquished.

Grand Total: 670 creatures vanquished

Notes
Turn   | Place    | Note
-------+----------+-------------------------------------------
     0 | D:1      | hawla the Deep Elf Fire Elementalist began the quest for
                  | the Orb.
     0 | D:1      | Reached XP level 1. HP: 10/10 MP: 6/6
   326 | D:1      | Reached XP level 2. HP: 15/15 MP: 4/8
   331 | D:1      | Reached skill level 4 in Fire Magic
   382 | D:1      | Found a faded altar of an unknown god.
   499 | D:1      | Found Zinwex's Magic Scroll Shoppe.
   526 | D:1      | Bought a scroll of identify for 22 gold pieces
   526 | D:1      | Bought a scroll of identify for 22 gold pieces
  1159 | D:1      | Reached XP level 3. HP: 19/19 MP: 6/9
  1246 | D:2      | Learned a level 2 spell: Scorch
  1501 | D:2      | Reached skill level 5 in Fire Magic
  1766 | D:2      | Reached XP level 4. HP: 24/24 MP: 7/10
  2664 | D:3      | Found a basalt altar of Yredelemnul.
  2691 | D:3      | Found a broken altar of Ashenzari.
  2692 | D:3      | Found a shimmering blue altar of Sif Muna.
  2692 | D:3      | Found a sacrificial altar of Ru.
  2695 | D:3      | Reached skill level 6 in Fire Magic
  2743 | D:3      | Found a sparkling altar of Nemelex Xobeh.
  2747 | D:3      | Found a blossoming altar of Fedhas.
  2772 | D:3      | Found a stormy altar of Qazlal.
  2863 | D:3      | Found Omoirrag's Jewellery Shoppe.
  2996 | D:3      | Reached XP level 5. HP: 28/28 MP: 3/11
  3142 | D:3      | Learned a level 4 spell: Flame Wave
  3206 | D:3      | Reached skill level 7 in Fire Magic
  3740 | D:4      | Found Ziluileg's Jewellery Boutique.
  3903 | D:4      | HP: 1/28 [sleepcap (16)]
  3909 | D:4      | Reached XP level 6. HP: 3/32 MP: 3/12
  4087 | D:4      | Reached skill level 8 in Fire Magic
  4804 | D:5      | Entered Level 5 of the Dungeon
  4805 | D:5      | Identified 2 scrolls of acquirement
  4805 | D:5      | Acquired 637 gold pieces
  4807 | D:5      | Acquired the ring of the Original Sin {rF+ rN+ Will+}
  4885 | D:3      | Bought an amulet of reflection for 330 gold pieces
  4885 | D:3      | Bought a +6 ring of intelligence for 396 gold pieces
  4944 | D:5      | Found a glowing silver altar of Zin.
  4987 | D:5      | Reached XP level 7. HP: 36/36 MP: 6/13
  5120 | D:5      | Reached skill level 9 in Fire Magic
  6025 | D:6      | Found a staircase to the Ecumenical Temple.
  6031 | D:6      | Reached skill level 10 in Fire Magic
  6055 | Temple   | Entered the Ecumenical Temple
  6140 | Temple   | Became a worshipper of Vehumet
  6357 | D:6      | Noticed a shadow
  6362 | D:6      | Killed a shadow
  6363 | D:6      | Reached skill level 11 in Fire Magic
  6363 | D:6      | Reached XP level 8. HP: 14/41 MP: 3/14
  6573 | D:6      | Reached skill level 12 in Fire Magic
  6878 | D:6      | Found Xupoemo's Jewellery Boutique.
  7136 | D:6      | Reached skill level 13 in Fire Magic
  7427 | D:7      | Reached XP level 9. HP: 41/45 MP: 9/15
  7731 | D:7      | Reached * piety under Vehumet
  7731 | D:7      | Offered knowledge of Magic Dart by Vehumet.
  8080 | D:7      | Reached skill level 14 in Fire Magic
  8842 | D:8      | Found Ofy Qepi's Assorted Antiques.
  8883 | D:8      | Slain by a gnoll sergeant

Illustrated notes

Levels and vault maps discovered:
D:1:      dpeg_arrival_tiny_d, layout_basic,
          shapermc_ecumenical_altar_starsandcircs, serial_shops, shop,
          minmay_misc_feat_tiny, st_stairs_8
D:2:      wad_woods_settlement, layout_basic
D:3:      minmay_recursive_quarters, layout_basic,
          grunt_temple_overflow_forces_of_nature, lemuel_doored_altar,
          chequers_temple_overflow_statue_of_worship, serial_shops,
          nicolae_shop_window_shopping, nicolae_houndstooth_variations
D:4:      layout_gridville, serial_shops, nicolae_shop_tiny_statue_garden
D:5:      layout_cave_pods, amcnicky_altar_gilded
D:6:      kennysheep_windowed_halls, layout_basic,
          minmay_temple_entry_butterflies, serial_shops,
          nicolae_shop_just_a_little_nook, minmay_between
D:7:      layout_loops_ring, kennysheep_diamond, nicolae_elevator_lobby_asterisk
D:8:      layout_basic, serial_shops, shop, special_room [special_room_orc],
          uniq_jeremiah
Temple:   cyrus_circular_temple

Skill      XL: |  1  2  3  4  5  6  7  8  9 |
---------------+----------------------------+-----
Fire Magic     | 4 5 6 7 8 11 13 14 | 14.4
Dodging        | |  2.4
Stealth        | |  2.4
Spellcasting   | |  3.0
Conjurations   | |  1.1

Action                     |  1- 3 |  4- 6 |  7- 9 || total
---------------------------+-------+-------+-------++-------
  Melee: Unarmed           |    12 |    12 |    10 ||    34
   Cast: Foxfire           |    71 |   103 |   106 ||   280
         Scorch            |    10 |    34 |    45 ||    89
         Flame Wave        |       |       |     7 ||     7
    Use: Scroll            |     4 |     5 |     8 ||    17
         Potion            |       |     2 |     2 ||     4
   Stab: Sleeping          |       |     1 |       ||     1
 Armour: Robe              |    18 |    27 |    37 ||    82
  Dodge: Dodged            |    20 |    31 |    23 ||    74
  Block: Other             |       |     3 |    13 ||    16
         Reflection        |       |       |     1 ||     1
